AoeStats
← CoutKeCout

Arena

506853433Analyzed
2v2 RM · 15d ago on Sep 15, 2026· 54m 40s· 4 players
Game mode
Random Map
Map size
Medium (4 player)
Population
200
Speed
Normal
Resources
Standard
Victory
Conquest
Starting age
Dark Age
Ending age
Imperial Age
RankedLock teamsTeams togetherTeam positionsShared explorationLock speedFull tech treeHidden civsTurbo modeCheats
Victory
Defeat
🇺🇸 Mongols · United States
1004
+11
🇨🇳 Gurjaras · China
967
+13
🇫🇷 Bohemians · France
906
-12
🇬🇧 Britons · United Kingdom
895
-12
箭无虚发
10:44 Feudal Age
11:15 Double-Bit Axe
17:25 Castle Age
25:37 Imperial Age
23:27 Bow Saw
24:55 Bloodlines
24:38 Gold Mining
24:40 Stone Mining
24:32 Horse Collar
25:21 Scale Barding Armor
26:33 Chain Barding Armor
25:44 Heavy Camel Rider
27:44 Conscription
28:36 Chain Barding Armor
30:18 Forging
34:19 Plate Barding Armor
35:12 Iron Casting
35:29 Husbandry
37:20 Wheelbarrow
36:28 Elite Shrivamsha Rider
39:57 Frontier Guards
41:16 Heavy Plow
42:23 Scale Mail Armor
42:57 Hand Cart
43:04 Elite Chakram Thrower
47:19 Crop Rotation
49:43 Chain Mail Armor
51:45 Plate Mail Armor
50:44 Light Cavalry
52:15 Loom
Haze42020
10:49 Feudal Age
14:58 Castle Age
12:46 Double-Bit Axe
13:16 Horse Collar
16:36 Bow Saw
20:36 Loom
23:26 Wheelbarrow
23:42 Scale Barding Armor
25:24 Hand Cart
27:51 Light Cavalry
29:10 Forging
30:46 Bloodlines
39:49 Husbandry
42:11 Caravan
43:50 Gold Mining
43:50 Stone Mining
45:37 Chain Barding Armor
50:21 Imperial Age
49:51 Iron Casting
50:27 Capped Ram
51:00 Elite Steppe Lancer
51:11 Cavalier
51:12 Hussar
52:55 Blast Furnace
51:21 Siege Ram
52:25 Drill
CoutKeCout
4:11 Loom
10:24 Feudal Age
14:55 Castle Age
13:33 Double-Bit Axe
15:47 Bow Saw
CristianDior
13:27 Feudal Age
14:51 Wheelbarrow
14:02 Town Watch
14:01 Horse Collar
14:14 Gold Mining
14:18 Stone Mining
20:38 Castle Age
20:13 Padded Archer Armor
20:04 Fletching
21:35 Hand Cart
22:10 Heavy Plow
21:58 Double-Bit Axe
23:01 Bow Saw
23:30 Gold Shaft Mining
23:19 Leather Archer Armor
23:04 Bodkin Arrow
30:23 Imperial Age
31:22 Elite Longbowman
33:20 Ballistics
34:41 Chemistry
38:49 Two-Man Saw
38:24 Ring Archer Armor
37:55 Bracer
38:29 Town Patrol
39:10 Yeomen
44:08 Fortified Wall
51:57 Pikeman
Connection lost

Rejoining the realm…

Still unreachable

The connection could not be restored.

Session expired

The server has moved on; the page needs a fresh start.